 Dungeon Crawl Stone Soup version 0.30-a0-1043-g60ff8d5f49 (webtiles) character file.

Game seed: 15108506997830779704

284 porpoise the Shooter (level 6, 0/48 HPs)
             Began as a Barachi Hexslinger on Apr 10, 2023.
             Slain by an iguana (12 damage)
             ... on level 5 of the Dungeon.
             The game lasted 00:13:31 (3834 turns).

porpoise the Shooter (Barachi Hexslinger)           Turns: 3834, Time: 00:13:32

Health: 0/48       AC:  6    Str: 12    XL:     6   Next: 29%
Magic:  7/7        EV: 16    Int: 13    God:
Gold:   204        SH:  0    Dex: 14    Spells: 3/7 levels left

rFire   + . .      SeeInvis .    a - +1 sling
rCold   . . .      Faith    .    (no shield)
rNeg    . . .      Spirit   .    s - +0 ring mail
rPois   .          Reflect  .    (no helmet)
rElec   .          Rampage  .    t - +0 cloak
rCorr   .                        (no gloves)
Will    .....                    (no boots)
Stlth   +                        (no amulet)
HPRegen 0.28/turn                i - +5 ring of evasion
MPRegen 0.10/turn                o - ring of protection from fire

@: slow
A: amphibious, slowness 1, strong legs 1, +LOS
a: Hop


You were on level 5 of the Dungeon.
You visited 1 branch of the dungeon, and saw 5 of its levels.

You collected 204 gold pieces.

Inventory:

Hand Weapons
 a - a +1 sling (weapon)
 b - a +0 dagger of venom
 g - a +1 whip of freezing
Missiles
 p - 3 atropa-tipped darts
Armour
 l - an orb of mayhem
 s - a +0 ring mail (worn)
 t - a +0 cloak (worn)
Jewellery
 h - a ring of magical power
 i - a +5 ring of evasion (left hand)
 j - a ring of positive energy
 o - a ring of protection from fire (right hand)
Wands
 u - a wand of roots (12)
Scrolls
 e - 2 scrolls of poison
 f - a scroll of blinking
 k - a scroll of acquirement {unknown}
 m - a scroll of enchant weapon {unknown}
 n - a scroll of teleportation {unknown}
 r - a scroll of vulnerability {unknown}
 v - a scroll of enchant armour {unknown}
 w - a scroll of torment {unknown}
Potions
 c - a potion of heal wounds {unknown}
 d - a potion of flight
 q - a potion of mutation
 x - 2 potions of attraction


   Skills:
 + Level 4.2 Fighting
 * Level 5.3 Ranged Weapons
 - Level 2.1 Dodging
 - Level 1.1 Spellcasting
 - Level 3.2 Hexes


You had 3 spell levels left.
You knew the following spells:

 Your Spells              Type           Power      Damage    Failure   Level
a - Slow                  Hex            36%        N/A       17%         1
m - Mephitic Cloud        Conj/Pois/Air  0%         N/A       88%         3

Your spell library contained the following spells:

 Spells                   Type           Power      Damage    Failure   Level
 Apportation              Tloc           0%         N/A       54%         1
 Magic Dart               Conj           0%         1d3       54%         1
 Necrotise                Necr           0%         1d4       54%         1
 Sandblast                Erth           0%         2d4       54%         1
 Summon Small Mammal      Summ           0%         N/A       54%         1
 Call Imp                 Summ           0%         N/A       67%         2
 Cigotuvi's Dreadful Rot  Necr/Pois/Air  0%         N/A       67%         2
 Passwall                 Tmut/Erth      0%         N/A       67%         2
 Sublimation of Blood     Necr           0%         N/A       67%         2
 Inner Flame              Hex/Fire       4%         N/A       67%         3
 Portal Projectile        Hex/Tloc       8%         N/A       67%         3
 Ignite Poison            Fire/Tmut/Pois 0%         N/A       88%         3
 Stone Arrow              Conj/Erth      0%         3d7       88%         3
 Cause Fear               Hex            4%         N/A       86%         4
 Petrify                  Tmut/Erth      0%         N/A       99%         4
 Freezing Cloud           Conj/Ice/Air   0%         6-21      100%        5
 Irradiate                Conj/Tmut      0%         3d11      100%        5
 Summon Forest            Summ/Tloc      0%         N/A       100%        5
 Eringya's Noxious Bog    Tmut/Pois      0%         N/A       100%        6
 Summon Hydra             Summ           0%         N/A       100%        7


Dungeon Overview and Level Annotations

Branches:
Dungeon (5/15)
 Temple: D:4-7

Altars:

Shops:
D:2 (


Innate Abilities, Weirdness & Mutations

You are amphibious.
You cover ground slowly.
You can hop short distances.
You have an extended range of vision and can be seen from far away.


Message History

Aim: an iguana (almost dead, 65% to hit)
You shoot a sling bullet. The sling bullet hits the iguana.
The iguana is almost dead.
The iguana bites you but does no damage.
The iguana barely misses you.
Fire: a) +1 sling
Press: ? - help, Q - select action, (/) - cycle Shift-Dir - straight line, f/p - iguana
Aim: an iguana (almost dead, 65% to hit)
You shoot a sling bullet.
The sling bullet barely misses the iguana.
The iguana misses you.
Fire: a) +1 sling
Press: ? - help, Q - select action, (/) - cycle Shift-Dir - straight line, f/p - iguana
Aim: an iguana (almost dead, 65% to hit)
You shoot a sling bullet.
The sling bullet hits the iguana but does no damage.
The iguana is almost dead.
The iguana bites you!
Fire: a) +1 sling
Press: ? - help, Q - select action, (/) - cycle Shift-Dir - straight line, f/p - iguana
Aim: an iguana (almost dead, 65% to hit)
You shoot a sling bullet.
The sling bullet barely misses the iguana.
The iguana misses you. x2
Fire: a) +1 sling
Press: ? - help, Q - select action, (/) - cycle Shift-Dir - straight line, f/p - iguana
Aim: an iguana (almost dead, 65% to hit)
You shoot a sling bullet.
The sling bullet hits the iguana but does no damage.
The iguana is almost dead.
The iguana bites you.
* * * LOW HITPOINT WARNING * * *
Fire: a) +1 sling
Press: ? - help, Q - select action, (/) - cycle Shift-Dir - straight line, f/p - iguana
Aim: an iguana (almost dead, 65% to hit)
You shoot a sling bullet.
The sling bullet hits the iguana but does no damage.
The iguana is almost dead.
The iguana bites you!
You die...

#... ##...##
. #.....###
##..
...>...##...
.........
.......
....# #l..#
#@.# #...#
....##
......#
#.......#
..........
..........
#####.....
##....


You could see an iguana.

Vanquished Creatures
  A phantom (D:4)
  A hound (D:3)
  2 iguanas (D:4)
  4 gnolls
  An adder (D:2)
  A worm (D:3)
  4 dart slugs
  An orc (D:4)
  10 endoplasms
  A giant cockroach (D:1)
  4 goblins
  9 hobgoblins
  2 jackals (D:4)
  6 kobolds
  3 quokkas
  8 ball pythons
  6 bats
  A frilled lizard (D:1)
  A rat (D:2)
66 creatures vanquished.

Vanquished Creatures (others)
  A withered plant (D:1)
1 creature vanquished.

Grand Total: 67 creatures vanquished

Notes
Turn   | Place    | Note
-------+----------+-------------------------------------------
     0 | D:1      | porpoise the Barachi Hexslinger began the quest for the
                  | Orb.
     0 | D:1      | Reached XP level 1. HP: 15/15 MP: 2/2
   140 | D:1      | Reached XP level 2. HP: 22/22 MP: 3/3
   371 | D:1      | Reached skill level 3 in Ranged Weapons
   371 | D:1      | Reached XP level 3. HP: 20/27 MP: 4/4
   705 | D:1      | Found a faded altar of an unknown god.
  1140 | D:2      | Reached XP level 4. HP: 34/34 MP: 5/5
  1352 | D:2      | Found Fuitont's Antique Weapon Emporium.
  2167 | D:4      | Noticed a phantom
  2189 | D:4      | Killed a phantom
  2190 | D:4      | Reached skill level 4 in Ranged Weapons
  2190 | D:4      | Reached XP level 5. HP: 16/41 MP: 3/6
  2405 | D:4      | Learned a level 3 spell: Mephitic Cloud
  2627 | D:4      | HP: 1/42 [hound (3)]
  2637 | D:3      | Reached skill level 5 in Ranged Weapons
  2820 | D:4      | Reached XP level 6. HP: 48/48 MP: 7/7
  3813 | D:5      | Entered Level 5 of the Dungeon
  3834 | D:5      | Slain by an iguana

Illustrated notes

Levels and vault maps discovered:
D:1:      dpeg_arrival_houses_and_road, layout_basic,
          shapermc_ecumenical_altar_flowoftime
D:2:      layout_loops_ring, serial_shops, nicolae_shop_overgrown_old_shop
D:3:      layout_loops_cross
D:4:      layout_basic, kennysheep_generic_room_11
D:5:      layout_layer_cave, minmay_temple_entry_gardened_gates

Skill      XL: |  1  2  3  4  5 |
---------------+----------------+-----
Fighting       | 2 3 4 |  4.2
Ranged Weapons | 3 4 5 |  5.3
Dodging        | |  2.1
Spellcasting   | |  1.1
Hexes          | |  3.2

Action                     |  1- 3 |  4- 6 || total
---------------------------+-------+-------++-------
  Melee: Dagger            |       |     4 ||     4
   Fire: Sling             |    88 |   176 ||   264
   Cast: Slow              |       |     5 ||     5
    Use: Scroll            |       |     3 ||     3
         Potion            |       |     2 ||     2
 Armour: Robe              |     1 |     3 ||     4
         Ring mail         |       |    24 ||    24
  Dodge: Dodged            |    12 |   101 ||   113

Table legend: (Time is in decaauts)
 A = Elapsed time spent in this place.
 B = Non-inter-level travel time spent in this place.
 C = Inter-level travel time spent in this place.
 D = Time resting spent in this place.
 E = Time spent auto-exploring this place.
 F = Levels seen in this place.
 G = Mean time per level.
                   A        B        C        D        E       F      G
               +--------+--------+--------+--------+--------+-----+--------+
         Total |   4419 |   4093 |    326 |    917 |   2540 |   5 |  883.8 |
       Dungeon |   4419 |   4093 |    326 |    917 |   2540 |   5 |  883.8 |
               +--------+--------+--------+--------+--------+-----+--------+

Top non-repeatable levels by time:
     D:4: 1627 daAuts
     D:1: 1066 daAuts
     D:3: 914 daAuts
     D:2: 785 daAuts
     D:5: 25 daAuts
